 Dungeon Crawl Stone Soup version 0.23-a0-451-g1044d4c (webtiles) character file.

64074 Skuilla the Severer (level 14, -8/202 HPs)
             Began as a Minotaur Berserker on Nov 22, 2018.
             Was a High Priest of Trog.
             Mangled by an emperor scorpion (9 damage)
             ... on level 3 of the Spider Nest on Nov 23, 2018.
             The game lasted 02:15:47 (23802 turns).

Skuilla the Severer (Minotaur Berserker)           Turns: 23802, Time: 02:15:49

Health: -8/202     AC: 20    Str: 39    XL:     14   Next: 70%
Magic:  13/13      EV: 13    Int:  4    God:    Trog [*****.]
Gold:   1803       SH: 13    Dex: 11    Spells: 13/13 levels left

rFire    . . .     SeeInvis +   K - +10 war axe of Trog's Indignation {chop, Str+4}
rCold    + . .     Gourm    .   W - +0 shield
rNeg     . . .     Faith    .   L - +2 plate armour {rC+}
rPois    .         Spirit   .   (helmet restricted)
rElec    .         Reflect  .   (no cloak)
rCorr    .         Harm     .   (no gloves)
MR       +++..                  z - +0 pair of boots
Stlth    ..........             G - amulet of regeneration
HPRegen  1.83/turn              q - ring of see invisible
MPRegen  0.13/turn              A - +4 ring of strength

@: berserking (expiring), regenerating, very quick
A: retaliatory headbutt, horns 2
a: Berserk, Trog's Hand, Brothers in Arms, Renounce Religion


You were on level 3 of the Spider Nest.
You worshipped Trog.
Trog was extremely pleased with you.
You were not hungry.

You visited 4 branches of the dungeon, and saw 23 of its levels.

You collected 2103 gold pieces.
You spent 300 gold pieces at shops.

Inventory:

Hand Weapons
 K - the +10 war axe of Trog's Indignation (weapon) {chop, Str+4}
   (Trog gifted it to you on level 11 of the Dungeon)

   It inflicts extra damage upon your enemies.
   It affects your strength (+4).
 Y - a +1 flail of protection
Missiles
 v - 32 tomahawks (quivered)
 B - 3 steel javelins
Armour
 z - a +0 pair of boots (worn)
 L - a +2 plate armour of cold resistance (worn)
 W - a +0 shield (worn)
Jewellery
 q - a ring of see invisible (left hand)
 s - an uncursed ring of protection from magic
 A - a +4 ring of strength (right hand)
 F - an uncursed ring of flight
 G - an amulet of regeneration (around neck)
 H - the ring of the Elephant {rN++ MR- Dex+5 SInv}
   (You found it on level 10 of the Dungeon)

   [ring of see invisible]

   It affects your dexterity (+5).
   It greatly protects you from negative energy.
   It affects your resistance to hostile enchantments.
   It lets you see invisible.
 V - an uncursed ring of protection from fire {unknown}
 X - the ring "Astru" {rPois rN+ Int+5 Dex+3, unknown}
   (You found it on level 12 of the Dungeon)

   [ring of intelligence]

   It affects your intelligence (+5).
   It affects your dexterity (+3).
   It protects you from poison.
   It protects you from negative energy.
Wands
 w - a wand of polymorph (4)
 y - a wand of enslavement (15)
 D - a wand of flame (79)
 J - a wand of digging (4)
 P - a wand of iceblast (12)
 R - a wand of random effects (41)
Scrolls
 b - a scroll of holy word {unknown}
 d - 7 scrolls of teleportation
 e - 4 scrolls of remove curse
 f - 3 scrolls of random uselessness
 h - 4 scrolls of fog
 i - 4 scrolls of enchant armour
 j - 2 scrolls of noise
 k - 3 scrolls of enchant weapon
 o - 3 scrolls of fear
 u - 3 scrolls of magic mapping
 x - 3 scrolls of amnesia
 Q - a scroll of summoning
 S - a scroll of silence {unknown}
 T - 4 scrolls of identify
 U - a scroll of acquirement {unknown}
Potions
 g - 4 potions of agility
 l - 4 potions of lignification
 m - 4 potions of flight
 n - a potion of brilliance {unknown}
 p - 3 potions of heal wounds
 C - a potion of ambrosia {unknown}
 I - 2 potions of haste
 M - 2 potions of berserk rage {unknown}
 N - 3 potions of mutation
 O - a potion of might {unknown}
Comestibles
 c - 23 rations


   Skills:
 + Level 15.3 Fighting
 - Level 16.5 Axes
 - Level 1.5(11.2) Maces & Flails
 - Level 0.8 Throwing
 + Level 15.6 Armour
 * Level 10.8 Dodging
 * Level 7.8 Shields


You had 13 spell levels left.
You didn't know any spells.
Your spell library was empty.

Dungeon Overview and Level Annotations

Branches:
Dungeon (12/15)            Temple (0/1) D:6            Lair (6/6) D:10
 Shoals (0/4) Lair:4       Spider (3/4) Lair:4        Slime (0/5) Lair:6
    Orc (2/2) D:9             Elf (0/3) Orc:2

Altars:
Ashenzari
Dithmenos
Gozag
Kikubaaqudgha
Makhleb
Sif Muna
Uskayaw
Wu Jian

Shops:
D:8 ?   D:11 *(   Orc:2 *%[(

Annotations:
Lair:1 1 runed door, exclusion: oklob plant, Uptarox's ghost, journeyman DECj
Lair:4 exclusion: oklob plant


Innate Abilities, Weirdness & Mutations

You reflexively headbutt those who attack you in melee.
You have a pair of horns on your head.


Message History

The demonic crawler barely misses you. The demonic crawler closely misses you.
You block the demonic crawler's attack.
You catch the helpless emperor scorpion completely off-guard!
You hit the emperor scorpion but do no damage.
Your attack snaps the emperor scorpion out of its fear.
The emperor scorpion is moderately wounded.
You barely miss the demonic crawler.
You block the emperor scorpion's attack.
The emperor scorpion closely misses you.
The emperor scorpion claws you but does no damage.
The demonic crawler hits you but does no damage. x2
The demonic crawler closely misses you.
You slice the emperor scorpion!! You headbutt the emperor scorpion!
The emperor scorpion is heavily wounded.
You slice the demonic crawler!! The demonic crawler hits you.
* * * LOW HITPOINT WARNING * * *
You block the demonic crawler's attack. x2
The emperor scorpion completely misses you.
The emperor scorpion claws you!
You die...

##########
.s.....s.##
$......@s.#
#.....^<.##
#.........#
#........##
#.......##
.......##
.......
.y....#
......


You could see an emperor scorpion, a spark wasp (fleeing), a demonic crawler and
a wolf spider (fleeing).

Vanquished Creatures
  An ice dragon (Lair:4)
  An ogre mage (Orc:2)
  6 hydras
  Erica (D:8)
  7 two-headed ogres
  An orc high priest (Orc:2)
  Nergalle (D:11)
  2 unseen horrors
  Pikel (D:8)
  2 wolf spiders
  A lindwurm (Lair:4)
  An orb spider (Spider:1)
  4 orc sorcerers (Orc:2)
  An orc knight (Orc:2)
  5 ugly things
  2 cyclopes (D:11)
  Maurice (D:11)
  6 elephants
  3 black mambas
  A torpor snail (Lair:6)
  A gargoyle (D:12)
  19 spiny frogs
  2 rime drakes
  A demonic crawler (Spider:1)
  4 kobold demonologists (D:11)
  8 komodo dragons
  2 trolls (Orc:2)
  3 tyrant leeches (Lair:6)
  3 jumping spiders (Spider:1)
  3 hornets
  A polar bear (Lair:5)
  2 dream sheep (Lair:6)
  17 blink frogs
  6 hippogriffs
  6 redbacks
  A tarantella (Spider:2)
  4 wyverns
  33 yaks
  Grum (D:8)
  5 basilisks
  4 hungry ghosts
  6 vampire mosquitoes
  5 wargs
  6 porcupines
  18 water moccasins
  An eye of draining (D:9)
  A slave (D:8)
  17 orc warriors
  4 sky beasts
  3 ice beasts
  3 phantoms
  8 ogres
  A necrophage (D:8)
  7 centaurs
  33 wolves
  14 crocodiles
  7 big kobolds
  22 bullfrogs
  A water moccasin zombie (D:10)
  7 scorpions
  5 killer bees
  3 wights (D:10)
  6 howler monkeys
  2 electric eels (Lair:6)
  2 bullfrog zombies
  7 crimson imps
  3 jellies
  3 centaur zombies
  A centaur skeleton (D:12)
  20 orc priests
  2 gnoll shamans
  2 bullfrog skeletons
  4 iguanas
  26 orc wizards
  2 hell rats (Lair:5)
  4 worker ants
  2 worker ant zombies
  8 gnolls
  10 adders
  6 river rats (Lair:5)
  3 shadow imps
  2 white imps (Lair:4)
  An ooze (D:2)
  7 worms (D:3)
  5 dart slugs
  9 leopard geckos
  50 orcs
  5 giant cockroaches
  9 goblins
  A hobgoblin (D:3)
  15 jackals
  5 quokkas
  6 ball pythons
  7 bats
  5 frilled lizards
  15 kobolds
  A leopard gecko skeleton (D:4)
  3 rats
  4 fungi
  10 plants
619 creatures vanquished.

Vanquished Creatures (collateral kills)
  A two-headed ogre (Orc:2)
  An ogre (Orc:2)
  2 orc wizards (D:8)
  A white imp (Lair:4)
  An orc (D:8)
6 creatures vanquished.

Vanquished Creatures (others)
  An adder skeleton (D:8)
  8 fungi
  35 plants
  A withered plant (Lair:1)
45 creatures vanquished.

Grand Total: 670 creatures vanquished

Notes
Turn   | Place    | Note
-------+----------+-------------------------------------------
     0 | D:1      | Skuilla the Minotaur Berserker began the quest for the Orb.
     0 | D:1      | Reached XP level 1. HP: 19/19 MP: 0/0
   145 | D:1      | Reached XP level 2. HP: 27/27 MP: 1/1
   147 | D:1      | Reached skill level 4 in Axes
   717 | D:1      | Reached ** piety under Trog
   911 | D:1      | Reached XP level 3. HP: 33/33 MP: 2/2
  1705 | D:3      | Reached XP level 4. HP: 35/41 MP: 3/3
  1908 | D:3      | Reached skill level 5 in Axes
  2098 | D:3      | Found a burning altar of Makhleb.
  2768 | D:4      | Reached XP level 5. HP: 36/47 MP: 4/4
  2877 | D:4      | Reached skill level 6 in Axes
  3175 | D:4      | Reached XP level 6. HP: 55/55 MP: 5/5
  3311 | D:4      | Found a glowing drain.
  3500 | D:4      | Reached skill level 5 in Fighting
  3500 | D:4      | Reached skill level 7 in Axes
  3936 | D:5      | Entered Level 5 of the Dungeon
  4107 | D:5      | Found a shattered altar of Ashenzari.
  4216 | D:5      | Reached XP level 7. HP: 61/61 MP: 6/6
  4310 | D:5      | Reached *** piety under Trog
  4399 | D:5      | Reached skill level 8 in Axes
  4491 | D:5      | Reached skill level 5 in Armour
  5198 | D:6      | Found a staircase to the Ecumenical Temple.
  5297 | D:6      | Reached skill level 9 in Axes
  5300 | D:6      | Reached XP level 8. HP: 61/70 MP: 7/7
  6352 | D:7      | Reached **** piety under Trog
  6552 | D:7      | Reached skill level 10 in Axes
  6609 | D:7      | Reached XP level 9. HP: 79/79 MP: 8/8
  6738 | D:7      | Found a deep blue altar of Sif Muna.
  6758 | D:7      | Found an ornate altar of the Wu Jian Council.
  7056 | D:8      | Reached skill level 11 in Axes
  7467 | D:8      | Noticed a two-headed ogre
  7479 | D:8      | Killed a two-headed ogre
  7623 | D:8      | Noticed Grum
  7638 | D:8      | Noticed a two-headed ogre
  7641 | D:8      | Killed Grum
  7641 | D:8      | Reached skill level 12 in Axes
  7651 | D:8      | Killed a two-headed ogre
  7651 | D:8      | Reached XP level 10. HP: 49/90 MP: 9/9
  7969 | D:8      | Found Nenak's Magic Scroll Boutique.
  8256 | D:8      | Noticed Erica
  8259 | D:8      | Noticed Pikel
  8266 | D:8      | Killed Erica
  8283 | D:8      | Killed Pikel
  8283 | D:8      | Reached skill level 13 in Axes
  8283 | D:8      | Reached skill level 10 in Armour
  8304 | D:8      | Received a gift from Trog
  8376 | D:8      | Found a hide-covered altar of Uskayaw.
  9123 | D:9      | Found a staircase to the Orcish Mines.
  9430 | D:9      | Noticed a two-headed ogre
  9437 | D:9      | Killed a two-headed ogre
  9437 | D:9      | Reached skill level 10 in Fighting
  9567 | D:9      | Found an ancient bone altar of Kikubaaqudgha.
  9725 | D:9      | Reached XP level 11. HP: 99/99 MP: 0/10
 10009 | D:10     | Entered Level 10 of the Dungeon
 10015 | D:10     | Reached skill level 14 in Axes
 10080 | D:10     | Noticed a two-headed ogre
 10149 | D:10     | Noticed an unseen horror
 10167 | D:10     | Killed an unseen horror
 10297 | D:10     | Got an ancient golden ring
 10572 | D:10     | Found a staircase to the Lair.
 10959 | D:11     | Noticed a sun demon
 10968 | D:11     | Reached ***** piety under Trog
 10995 | D:11     | Noticed a sixfirhy
 11087 | D:11     | Identified the ring of the Elephant {rN++ MR- Dex+5 SInv}
                  | (You found it on level 10 of the Dungeon)
 11182 | D:11     | Received a gift from Trog
 11375 | D:11     | Noticed Nergalle
 11375 | D:11     | Noticed a green ugly thing
 11375 | D:11     | Noticed a white ugly thing
 11391 | D:11     | Killed Nergalle
 11401 | D:11     | Killed a white ugly thing
 11407 | D:11     | Killed a white ugly thing
 11585 | D:11     | Found an opulent altar of Gozag.
 11588 | D:11     | Found Gozag's Platinum Reserve.
 11809 | D:11     | Noticed a four-headed hydra
 11820 | D:11     | Killed a four-headed hydra
 11844 | D:11     | Found Garhoej's Antique Weapon Emporium.
 11892 | D:11     | Reached skill level 15 in Axes
 11892 | D:11     | Reached skill level 1 in Maces & Flails
 12130 | D:11     | Noticed Maurice
 12143 | D:11     | Killed Maurice
 12143 | D:11     | Received a gift from Trog
 12151 | D:11     | Got a pitted war axe {god gift}
 12154 | D:11     | Identified the +10 war axe of Trog's Indignation {chop,
                  | Str+4} (Trog gifted it to you on level 11 of the Dungeon)
 12210 | Lair:1   | Entered Level 1 of the Lair of Beasts
 12210 | Lair:1   | Noticed an oklob plant
 12229 | Lair:1   | Reached XP level 12. HP: 112/112 MP: 11/11
 12379 | Lair:1   | Found a runed door.
 12379 | Lair:1   | Noticed Uptarox's ghost (journeyman DECj)
 12984 | Lair:2   | Reached skill level 5 in Dodging
 14449 | Lair:3   | Received a gift from Trog
 15083 | Lair:4   | Found a staircase to the Shoals.
 15161 | Lair:4   | Noticed an ice dragon
 15175 | Lair:4   | Killed an ice dragon
 15234 | Lair:4   | Found a hole to the Spider Nest.
 15385 | Lair:4   | Noticed a seven-headed hydra
 15395 | Lair:4   | Killed a seven-headed hydra
 15671 | Lair:4   | Reached XP level 13. HP: 58/122 MP: 12/12
 16195 | Lair:5   | Received a gift from Trog
 16257 | Lair:5   | Got a transparent battleaxe {god gift}
 16258 | Lair:5   | Identified the +1 battleaxe "Otom" {venom, rElec rN+ MR-
                  | Str+2} (Trog gifted it to you on level 5 of the Lair of
                  | Beasts)
 17387 | Lair:6   | Entered Level 6 of the Lair of Beasts
 17650 | Lair:5   | Reached skill level 1 in Shields
 18442 | Lair:6   | Reached skill level 16 in Axes
 18904 | Lair:6   | Found a staircase to the Slime Pits.
 19101 | Lair:6   | Reached skill level 5 in Shields
 19124 | Lair:6   | Received a gift from Trog
 19126 | Lair:6   | Reached XP level 14. HP: 63/133 MP: 13/13
 20180 | D:12     | Reached skill level 15 in Armour
 20271 | D:12     | Reached skill level 10 in Dodging
 20427 | D:12     | Found a shadowy altar of Dithmenos.
 20517 | D:12     | Got an ancient steel ring
 20925 | Orc:1    | Entered Level 1 of the Orcish Mines
 21487 | Orc:2    | Entered Level 2 of the Orcish Mines
 21540 | Orc:2    | Reached skill level 15 in Fighting
 21599 | Orc:2    | Received a gift from Trog
 21662 | Orc:2    | Found a burning altar of Makhleb.
 22283 | Orc:2    | Found Wuphi's Food Shop.
 22283 | Orc:2    | Found Defyrucku's General Store.
 22283 | Orc:2    | Found Qeoshr Xyge's Antique Armour Boutique.
 22306 | Orc:2    | Found Qudup's Antique Weapon Boutique.
 22418 | Orc:2    | Bought a ration for 60 gold pieces
 22418 | Orc:2    | Bought a ration for 60 gold pieces
 22418 | Orc:2    | Bought a ration for 60 gold pieces
 22418 | Orc:2    | Bought a ration for 60 gold pieces
 22418 | Orc:2    | Bought a ration for 60 gold pieces
 22495 | Orc:2    | Paralysed by an ogre mage for 3 turns
 22683 | Orc:2    | Found a staircase to the Elven Halls.
 23553 | Spider:1 | Entered Level 1 of the Spider Nest
 23785 | Spider:1 | You fall through a shaft!
 23786 | Spider:2 | Noticed an emperor scorpion
 23791 | Spider:2 | Noticed an entropy weaver
 23792 | Spider:2 | Noticed an entropy weaver
 23797 | Spider:3 | HP: 5/135 [spark wasp (12)]
 23802 | Spider:3 | HP: 1/202 [demonic crawler (5)]
 23802 | Spider:3 | Mangled by an emperor scorpion

Vault maps used:
D:1:      lemuel_arrival_cross
D:3:      overflow_temple_1_default
D:4:      first_ration, portal_sewer_entry_f
D:5:      nicolae_ashenzari_panopticon, guppyfry_early_orc_mine
D:6:      minmay_temple_entry_stoned_glass
D:7:      kennysheep_mini_moat, nicolae_overflow_hidden_temple
D:8:      eat_drink_and_be_merry_uskayaw, lightli_ossuary_entry_decrepit_ruins,
          serial_shops, nicolae_shop_stone, grunt_ogre_cave, uniq_pikel,
          uniq_erica, uniq_grum
D:9:      lemuel_round_altar, minmay_orc_entry_guard_dogs
D:10:     lair_entry_dummy, serial_curves, eino_curves_04, eino_curves_02
D:11:     serial_shops, shop, nicolae_gozag_zags_fifth_avenue, uniq_maurice,
          uniq_nergalle
D:12:     basic_altar
Lair:1:   gammafunk_ghost_grave, st_stairs_11, dpeg_stationary_puzzle,
          grunt_megastairs_2
Lair:2:   grunt_forest_large_clearings, lemuel_fruit_fields
Lair:4:   shoals_dummy_entry, spider_nest_entry_a, ldierk_geyser, st_stairs_4,
          bobbens_ice_dragon_lair, minmay_lair_oklob_chamber, grunt_megastairs_3
Lair:5:   hangedman_lair_unloving_vines, minmay_holes, kennysheep_rathole,
          grunt_megastairs_4
Lair:6:   minmay_lair_end_frog_pond, slime_dummy
Spider:1: gammafunk_ghost_split
Spider:2: cheibrodos_spider_deadly_dance
Spider:3: portal_ice_cave_entry_pillars_1, spider_trap,
          nicolae_spider_webs_and_nodes
Orc:2:    st_orc_mages, bloody_makhleb

Skill      XL: |  1  2  3  4  5  6  7  8  9 10 11 12 13 14 |
---------------+-------------------------------------------+-----
Axes           | 4 5 6 7 9 10 12 13 15 16 | 16.5
Fighting       | 4 5 7 8 10 12 13 14 15 | 15.3
Armour         | 3 4 5 7 9 10 12 13 14 15 | 15.6
Dodging        | 3 4 7 9 10 | 10.8
Maces & Flails | 1 |  1.5
Shields        | 5 7 |  7.8
Throwing       | |  0.8

Action                   |  1- 3 |  4- 6 |  7- 9 | 10-12 | 13-15 || total
-------------------------+-------+-------+-------+-------+-------++-------
Melee: Hand axe          |    62 |   159 |   247 |   396 |       ||   864
       Headbutt          |    14 |    26 |    44 |   147 |   135 ||   366
       War axe           |       |       |       |   257 |   483 ||   740
       Flail             |       |       |       |    12 |    28 ||    40
Throw: Tomahawk          |       |       |       |     3 |    15 ||    18
Invok: Berserk           |     1 |     1 |     6 |     8 |     9 ||    25
       Brothers in Arms  |       |       |       |     3 |     2 ||     5
       Trog's Hand       |       |       |       |     2 |     4 ||     6
  Use: Scroll            |       |     3 |     7 |    12 |    10 ||    32
       Potion            |       |       |       |     1 |     6 ||     7
 Stab: Fleeing           |       |       |       |       |     1 ||     1
  Eat: Chunk             |     1 |     3 |     4 |    18 |    17 ||    43
       Ration            |     1 |     2 |     3 |     8 |     5 ||    19
Armor: Leather armour    |     3 |       |       |       |       ||     3
       Animal skin       |     1 |       |       |       |       ||     1
       Chain mail        |     8 |    70 |     4 |       |       ||    82
       Plate armour      |       |       |   116 |   306 |   304 ||   726
Dodge: Dodged            |    31 |    83 |    99 |   266 |   267 ||   746
Block: Shield            |       |       |       |       |   275 ||   275

Table legend:
 A = Non-vault XP
 B = Vault XP
 C = Vault XP percentage of total XP
 D = Non-vault monster count
 E = Vault monster count
 F = Vault count percentage of total count
                 A         B        C        D         E       F
            +---------+---------+-------+---------+---------+-------
      Total |   61475 |   30060 |  32.8 |     431 |     179 |  29.3
            +---------+---------+-------+---------+---------+-------
        D:1 |      46 |       0 |   0.0 |      23 |       0 |   0.0
        D:2 |      42 |       0 |   0.0 |       7 |       0 |   0.0
        D:3 |      86 |       0 |   0.0 |      27 |       0 |   0.0
        D:4 |     404 |      16 |   3.8 |      21 |       6 |  22.2
        D:5 |     234 |     228 |  49.4 |      10 |       7 |  41.2
        D:6 |     713 |       0 |   0.0 |      17 |       0 |   0.0
        D:7 |    1273 |       0 |   0.0 |      28 |       0 |   0.0
        D:8 |    3193 |    2334 |  42.2 |      32 |       8 |  20.0
        D:9 |    2354 |     498 |  17.5 |      27 |       3 |  10.0
       D:10 |    2233 |       0 |   0.0 |      26 |       0 |   0.0
       D:11 |    7026 |    1111 |  13.7 |      41 |       2 |   4.7
       D:12 |    9049 |       0 |   0.0 |      37 |       0 |   0.0
     Lair:1 |    1930 |     806 |  29.5 |      10 |       4 |  28.6
     Lair:2 |    2134 |    3415 |  61.5 |      14 |      29 |  67.4
     Lair:3 |    3382 |     116 |   3.3 |      14 |       1 |   6.7
     Lair:4 |    3412 |    3605 |  51.4 |      12 |      15 |  55.6
     Lair:5 |    9394 |    4724 |  33.5 |      28 |      27 |  49.1
     Lair:6 |    4255 |    8313 |  66.1 |      15 |      34 |  69.4
   Spider:1 |    2570 |       0 |   0.0 |       7 |       0 |   0.0
   Spider:2 |    1176 |       0 |   0.0 |       4 |       0 |   0.0
   Spider:3 |     216 |       0 |   0.0 |       1 |       0 |   0.0
      Orc:1 |    1059 |      41 |   3.7 |      16 |       1 |   5.9
      Orc:2 |    5294 |    4853 |  47.8 |      14 |      42 |  75.0
            +---------+---------+-------+---------+---------+-------
